 Dungeon Crawl Stone Soup version 0.25.0-9-g26727b657a (webtiles) character file.

Game seed: 5853199533749913300

32 Descartes the Grasshopper (level 3, -1/16 HPs)
             Began as a Felid Warper on June 21, 2020.
             Slain by an iguana (15 damage)
             ... on level 1 of the Dungeon.
             The game lasted 00:05:15 (2912 turns).

Descartes the Grasshopper (Felid Warper)            Turns: 2912, Time: 00:05:16

Health: -1/16      AC:  1    Str:  8    XL:     3   Next: 10%
Magic:  7/7        EV: 18    Int: 14    God:
Gold:   61         SH:  0    Dex: 15    Spells: 6/6 levels left
                                        Lives:  0   Deaths: 1

rFire    . . .     SeeInvis +     - Unarmed
rCold    + . .     Gourm    .   (shield unavailable)
rNeg     . . .     Faith    .   (armour unavailable)
rPois    .         Spirit   .   (helmet unavailable)
rElec    .         Reflect  .   (cloak unavailable)
rCorr    .         Harm     .   (gloves unavailable)
MR       .....                  (boots unavailable)
Stlth    +++.......             (no amulet)
HPRegen  0.05/turn              g - ring of protection from cold
MPRegen  0.10/turn              (no ring)

@: quick
A: very small, no armour, no weapons or thrown items, stealth, claws 1, fangs 3,
see invisible, carnivore, speed 1, shaggy fur 1, slow metabolism 1, sharp paws
a: no special abilities


You were on level 1 of the Dungeon.
You were not hungry.

You visited 1 branch of the dungeon, and saw 2 of its levels.

You collected 61 gold pieces.

Inventory:

Missiles
 a - 164 stones
 h - 25 arrows
Jewellery
 g - a ring of protection from cold (left paw)
Scrolls
 b - a scroll of blinking
Potions
 d - a potion of heal wounds
 e - a potion of curing
Comestibles
 c - 4 rations


   Skills:
 - Level 2.0 Fighting
 + Level 3.4 Dodging
 * Level 4.2 Stealth
 * Level 3.0 Unarmed Combat
 - Level 2.0 Spellcasting
   Level 4.4 Translocations


You had 6 spell levels left.
You didn't know any spells.
Your spell library contained the following spells:

 Spells                   Type           Power        Failure   Level  Hunger
 Blink                    Tloc           N/A          6%          2    ###....
 Gell's Gravitas          Tloc           ##........   12%         3    ####...
 Lesser Beckoning         Tloc           ##........   12%         3    ####...
 Teleport Other           Tloc           ##......     12%         3    ####...
 Shroud of Golubria       Chrm/Tloc      #.....       14%         2    ###....
 Passage of Golubria      Tloc           N/A          36%         4    #####..


Dungeon Overview and Level Annotations

Branches:
Dungeon (2/15)

Altars:


Innate Abilities, Weirdness & Mutations

You cannot wear armour.
You are incapable of wielding weapons or throwing items.
Your paws allow you to move quietly. (Stealth)
You have sharp claws.
You have razor-sharp teeth.
You have supernaturally acute eyesight. (SInv)
You are carnivorous and can eat meat at any time.
You cover ground quickly.
You are covered in fur. (AC +1)
You have a slow metabolism.
Your sharp claws are effective at attacking unaware monsters.


Message History

You scratch the leopard gecko.
You kill the leopard gecko!
The iguana bites you!
You die...
You are now level 3!
You rejoin the land of the living...
Done exploring.
You see here a spear.
There is an open door here.
The iguana is too close now for your liking.
The iguana bites you.
You scratch the iguana.
The iguana is lightly wounded.
The iguana misses you.
You scratch the iguana but do no damage.
Your bite misses the iguana.
The iguana is lightly wounded.
The iguana bites you!
Ouch! That really hurt!
You die...

###.......# #.# #....##.#.# #.#
#....##.#.# #.## #....##.#.# #..#
#####....##.#.########..####
.........................l>#
.........##.#.##.###....#)##
..#########.#.##.# #.##)#.#
..'.........#.##@# #.##.#.#
..#.#########.##l###.##.#.#
..........................###
........................#.#.#
..........................#.#####
≈≈≈≈≈≈≈≈≈≈≈≈≈≈≈≈≈≈≈≈≈≈....#......
≈≈≈≈≈≈≈≈≈≈≈≈≈≈≈≈≈≈≈≈≈≈....#.####.
≈≈≈≈≈≈≈≈≈≈≈≈≈≈≈≈≈≈≈≈≈≈....#.# #.
≈≈#'#+#≈≈≈≈≈≈≈#+#+#≈≈≈....#.# #.


You could see an iguana.

Vanquished Creatures
  An adder (D:1)
  A gnoll (D:1)
  A worm (D:2)
  2 leopard geckos
  4 giant cockroaches
  7 goblins
  7 hobgoblins
  4 jackals (D:2)
  11 kobolds
  3 bats (D:1)
  6 rats
47 creatures vanquished.

Notes
Turn   | Place    | Note
-------+----------+-------------------------------------------
     0 | D:1      | Descartes the Felid Warper began the quest for the Orb.
     0 | D:1      | Reached XP level 1. HP: 9/9 MP: 4/4
   116 | D:1      | Reached skill level 1 in Stealth
   614 | D:1      | Reached XP level 2. HP: 6/13 MP: 6/6
  1270 | D:1      | Reached XP level 3. HP: 16/16 MP: 7/7
  2639 | D:1      | Reached XP level 4. HP: 6/19 MP: 8/8
  2866 | D:1      | Mangled by an iguana
  2867 | D:1      | Reached XP level 3. HP: -6/16 MP: 7/7
  2912 | D:1      | Slain by an iguana

Illustrated notes

Levels and vault maps discovered:
D:1:      dpeg_arrival_castle, layout_basic, hangedman_decor_clover_reticule
D:2:      layout_basic, uniq_sigmund

Skill      XL: |  1  2  3 |
---------------+----------+-----
Stealth        | 2 3 4 |  4.2
Unarmed Combat | 3 |  3.0
Fighting       | |  2.0
Dodging        | |  3.4
Spellcasting   | |  2.0
Translocations | |  4.4

Action                   |  1- 3 |  4- 6 || total
-------------------------+-------+-------++-------
Melee: Unarmed           |   171 |     5 ||   176
       Bite              |    21 |       ||    21
       Punch             |     3 |       ||     3
  Use: Scroll            |     3 |       ||     3
 Stab: Sleeping          |     4 |       ||     4
       Distracted        |     1 |       ||     1
  Eat: Chunk             |    11 |       ||    11
Armor: Skin              |     4 |       ||     4
Dodge: Dodged            |   126 |     7 ||   133
